 Dungeon Sprint DCSS version 0.29.0-7-g18a832c13a (webtiles) character file.

Game seed: 1283382305463304197

51 GigaChad the Trooper (level 3, -5/37 HPs)
             Began as a Minotaur Fighter on Aug 30, 2022.
             Drowned by a water elemental (8 damage)
             ... in the Dungeon (Sprint III: "The Ten Rune Challenge").
             The game lasted 00:00:56 (87 turns).

GigaChad the Trooper (Minotaur Fighter)               Turns: 87, Time: 00:00:57

Health: -5/37      AC:  7    Str: 22    XL:     3   Next: 57%
Magic:  2/2        EV:  9    Int:  5    God:
Gold:   0          SH:  5    Dex:  9    Spells: 2/2 levels left

rFire   . . .      SeeInvis .   a - +0 long sword
rCold   . . .      Faith    .   c - +0 buckler
rNeg    . . .      Spirit   .   b - +0 scale mail
rPois   .          Reflect  .   (helmet restricted)
rElec   .          Harm     .   (no cloak)
rCorr   .          Rampage  .   (no gloves)
Will    .....      NoTele   +   (no boots)
Stlth   ..........              (no amulet)
HPRegen 0.12/turn               (no ring)
MPRegen 0.08/turn               (no ring)

@: engulfed (cannot breathe)
A: horns 2, retaliatory headbutt
a: no special abilities


You were in the Dungeon.
You visited 1 branch

Inventory:

Hand Weapons
 a - a +0 long sword (weapon)
Armour
 b - a +0 scale mail (worn)
 c - a +0 buckler (worn)
Scrolls
 j - a scroll of blinking
Potions
 d - a potion of might
 e - a potion of curing
 f - a potion of heal wounds
 g - a potion of haste
 h - 2 potions of magic
 i - a potion of berserk rage


   Skills:
 + Level 5.9 Fighting
 + Level 4.1 Long Blades
 + Level 5.7 Armour
 + Level 5.6 Shields


You had 2 spell levels left.
You didn't know any spells.
Your spell library was empty.

Dungeon Overview and Level Annotations

Branches:
Dungeon (1/1)

Altars:


Innate Abilities, Weirdness & Mutations

You have a pair of horns on your head.
You reflexively headbutt those who attack you in melee.


Message History

You barely miss the phantom.
The phantom is moderately damaged.
The human closely misses you. You block the phantom's attack.
You hit the phantom. You headbutt the phantom.
You destroy the phantom!
The human closely misses you. The human hits you but does no damage.
You have reached level 3!
Your experience leads to an increase in your attributes!
Increase (S)trength, (I)ntelligence, or (D)exterity?
You feel stronger. x2
You closely miss the human. You headbutt the human!
The human is moderately wounded.
The human barely misses you. You furiously retaliate!
You headbutt the human. You hit the human.
The human is severely wounded.
The human barely misses you. You furiously retaliate!
You headbutt the human. You closely miss the human.
Your headbutt misses the human.
The human is severely wounded.
You block the human's attack.
You barely miss the human.
The human is severely wounded.
The human hits you.
You barely miss the human. Your headbutt misses the human.
The human is severely wounded.
The human hits you but does no damage. The human barely misses you.
You furiously retaliate!
You headbutt the human!
You kill the human!
Your Long Blades skill increases to level 4!
You open the door.
A water elemental comes into view.
The water elemental hits you.
The water elemental engulfs you in water!
You hit the water elemental.
The water elemental is moderately damaged.
Your lungs strain for air!
The water elemental hits you! x2
* * * LOW HITPOINT WARNING * * *
You barely miss the water elemental.
The water elemental is lightly damaged.
You die...

▓▓▓▓▓▓▓▓ ▓▓▓ <..#..†####
##.# ...#...@..## #..#
..##.......# #..#
##.##.##...# #..# #+#+#
##.##.###..# +#..#......
#.####.##..# #..@E.⌠....
.###..##.)####...#...###
#..†..##..###....# ⌠.#
###†.##...##.....# .#
##..##....#......# #
#..###..##.#.....# #..#
#..#####....# ▓▓▓▓ ▓▓▓▓
▓▓▓▓▓▓


You could see a water elemental.

Vanquished Creatures
  Jessica (D)
  A human (D)
  A phantom (D)
  3 rats (D)
6 creatures vanquished.

Notes
Turn   | Place    | Note
-------+----------+-------------------------------------------
     0 | D        | GigaChad the Minotaur Fighter began the quest for the Orb.
     0 | D        | Reached XP level 1. HP: 19/19 MP: 0/0
    46 | D        | Noticed Jessica
    56 | D        | Killed Jessica
    57 | D        | Reached skill level 5 in Fighting
    57 | D        | Reached skill level 5 in Armour
    57 | D        | Reached skill level 5 in Shields
    57 | D        | Reached XP level 2. HP: 29/29 MP: 1/1
    70 | D        | Reached XP level 3. HP: 36/36 MP: 2/2
    83 | D        | Noticed a water elemental
    87 | D        | Drowned by a water elemental

Illustrated notes

Levels and vault maps discovered:
D:        dungeon_sprint_mu [sprint_mu_entry_cave, sprint_mu_temple_rooms,
          sprint_mu_d1_horrors, sprint_mu_d2_genie, sprint_mu_d3_branching,
          sprint_mu_orc_legion, sprint_mu_elf_gauntlet, sprint_mu_hive_nellie,
          sprint_mu_lair_fedhas, sprint_mu_vaults_butterflies,
          sprint_mu_slime_circle, sprint_mu_shoals_kraken,
          sprint_mu_snake_twists, sprint_mu_blade_basic, sprint_mu_crypt_lich,
          sprint_mu_tomb_spiral, sprint_mu_vestibule_basic,
          sprint_mu_gehenna_hellfire, sprint_mu_dis_giant,
          sprint_mu_tartarus_statrot, sprint_mu_cocytus_islands, sprint_mu_zot1]

Skill      XL: |  1  2  3 |
---------------+----------+-----
Fighting       | 5 |  5.9
Armour         | 5 |  5.7
Shields        | 5 |  5.6
Long Blades    | 3 4 |  4.1

Action                   || total
-------------------------++-------
Melee: Long sword        ||    17
       Headbutt          ||     3
  Use: Scroll            ||     2
Armor: Scale mail        ||     6
Dodge: Dodged            ||     9
Block: Buckler           ||     4
